 Dungeon Crawl Stone Soup version 0.27-a0-732-ga892ba84f6 (webtiles) character file.

Game seed: 2206809455712593185

16 Lanoc the Stinger (level 2, 0/20 HPs)
             Began as a Palentonga Venom Mage on Mar 24, 2021.
             Killed by Freeze
             ... invoked by an ooze
              (3 damage)
             ... on level 1 of the Dungeon.
             The game lasted 00:00:50 (680 turns).

Lanoc the Stinger (Palentonga Venom Mage)            Turns: 680, Time: 00:00:50

Health: 0/20       AC:  4    Str: 11    XL:     2   Next: 37%
Magic:  5/5        EV: 10    Int: 15    God:
Gold:   4          SH:  0    Dex: 10    Spells: 4/5 levels left

rFire    . . .     SeeInvis +   b - +0 quarterstaff
rCold    . . .     Faith    .   (shield currently unavailable)
rNeg     . . .     Spirit   .   a - +0 robe
rPois    .         Reflect  .   (no helmet)
rElec    .         Harm     .   (no cloak)
rCorr    .         Rampage  .   (no gloves)
Will     .....                  (no barding)
Stlth    +.........             (no amulet)
HPRegen  0.06/turn              (no ring)
MPRegen  0.09/turn              (no ring)

@: no status effects
A: large, rugged brown scales 3, see invisible, deformed body, roll 1, armoured
tail
a: Rolling Charge


You were on level 1 of the Dungeon.
You visited 1 branch of the dungeon, and saw 1 of its levels.

You collected 4 gold pieces.

Inventory:

Hand Weapons
 b - a +0 quarterstaff (weapon)
Missiles
 c - 3 datura-tipped darts
Armour
 a - a +0 robe (worn)
Scrolls
 d - a scroll of enchant weapon {unknown}


   Skills:
 + Level 1.9 Dodging
 - Level 1.2 Stealth
 - Level 2.0 Spellcasting
 - Level 1.0 Transmutations
 * Level 2.9 Poison Magic


You had 4 spell levels left.
You knew the following spells:

 Your Spells              Type           Power      Damage    Failure   Level
a - Sting                 Tmut/Pois      28%        1d4       10%         1

Your spell library contained the following spells:

 Spells                   Type           Power      Damage    Failure   Level
 Poisonous Vapours        Pois/Air       10%        N/A       19%         2
 Animate Skeleton         Necr           2%         N/A       22%         1
 Apportation              Tloc           2%         N/A       22%         1
 Corona                   Hex            1%         N/A       22%         1
 Summon Small Mammal      Summ           4%         N/A       22%         1
 Ignite Poison            Fire/Tmut/Pois 5%         N/A       36%         3
 Mephitic Cloud           Conj/Pois/Air  4%         N/A       41%         3
 Olgreb's Toxic Radiance  Pois           10%        N/A       54%         4


Dungeon Overview and Level Annotations

Branches:
Dungeon (1/15)

Altars:


Innate Abilities, Weirdness & Mutations

You are completely covered in rugged brown scales. (AC +3, +7% HP)
You have supernaturally acute eyesight. (SInv)
Armour fits poorly on your strangely shaped body.
You can roll at nearby foes to attack.
You have a long armoured tail.


Message History

You hit the bat.
The bat is severely wounded.
The bat barely misses you. The bat hits you but does no damage.
The ball python barely misses you. The bat hits you but does no damage.
The rat bites you. The ball python bites you.
Roll where?
Press: ? - help, Dir - move target, f - frilled lizard
Aim: a frilled lizard You roll forward with a clatter of scales!
You closely miss the frilled lizard.
An ooze comes into view.
The ooze quivers.
You tail-slap the frilled lizard.
You kill the frilled lizard!
A quokka and an ooze come into view.
The bat barely misses you. The bat hits you but does no damage.
The bat misses you.
You barely miss the bat.
The bat is severely wounded.
The bat hits you but does no damage. x2; The ball python closely misses you.
The quokka twitches its whiskers.
The ball python bites you but does no damage.
The ooze hits you but does no damage. The bat barely misses you.
The bat hits you but does no damage. The ooze freezes you.
You are frozen.
* * * LOW HITPOINT WARNING * * *
The bat hits you but does no damage. x2; The bat hits you.
* * * LOW HITPOINT WARNING * * *
A quokka comes into view.
The bat barely misses you. x2; The quokka moves out of view.
The bat closely misses you.
You barely miss the ooze. The ooze barely misses you.
You barely miss the bat. The bat hits you but does no damage.
The ooze hits you but does no damage. The ooze hits you.
* * * LOW HITPOINT WARNING * * *
The bat hits you but does no damage. The ooze freezes you.
You are frozen.
You die...

#.# #.# #.####..
#.# #.# #...###.
#.# #.# ###.# #.
####.# .# #.# #.
....####.# #.# #.
........# #.# #.
#.r....# #.# #.
#.J##.## #.# #.
#.@.Jb.## #.# #.
#.b##r..######.###.
#.....†..†.........
##.###............#
#.# ##.######.####
..# #... #.# #
......... ..# #
.####...## ### #
##.## #


You could see 2 oozes, a quokka, 2 bats and a rat.

Vanquished Creatures
  A dart slug (D:1)
  A ball python (D:1)
  A giant cockroach (D:1)
  4 hobgoblins (D:1)
  A quokka (D:1)
  A frilled lizard (D:1)
  3 kobolds (D:1)
  A rat (D:1)
13 creatures vanquished.

Notes
Turn   | Place    | Note
-------+----------+-------------------------------------------
     0 | D:1      | Lanoc the Palentonga Venom Mage began the quest for the
                  | Orb.
     0 | D:1      | Reached XP level 1. HP: 13/13 MP: 3/3
   407 | D:1      | Reached XP level 2. HP: 14/20 MP: 5/5
   680 | D:1      | Killed from afar by an ooze

Illustrated notes

Levels and vault maps discovered:
D:1:      wheals_arrival_shading, layout_loops_ring

Action                   || total
-------------------------++-------
Melee: Unarmed           ||     7
       Quarterstaff      ||    18
       Tailslap          ||     5
 Cast: Sting             ||     8
 Abil: Rolling Charge    ||     8
Armor: Robe              ||    21
Dodge: Dodged            ||    16

Table legend: (Time is in decaauts)
 A = Elapsed time spent in this place.
 B = Non-inter-level travel time spent in this place.
 C = Inter-level travel time spent in this place.
 D = Time resting spent in this place.
 E = Time spent auto-exploring this place.
 F = Levels seen in this place.
 G = Mean time per level.
                   A        B        C        D        E       F      G
               +--------+--------+--------+--------+--------+-----+--------+
         Total |    684 |    684 |      0 |      0 |    611 |   1 |  684.0 |
       Dungeon |    684 |    684 |      0 |      0 |    611 |   1 |  684.0 |
               +--------+--------+--------+--------+--------+-----+--------+

Top non-repeatable levels by time:
     D:1: 684 daAuts
